Unix NetHack Version 5.0.0-0 post-release - last build May 31 2026 23:59:36 (970b52f25bf058293b47ddfd14a1e40e571c508c,branch:main).

Game began 2026-06-09 15:59:50, ended 2026-06-09 16:37:52.

LDaviesPeters, neutral female human Archeologist

                          -------
                        ##.....<.
                .       # |.....|
                      `## |..(..|
                      #   -.-----
                      #
                  #`###
                  ##
                ####
                   #
                   #
                   #
                   ##---+-------
                  ###|.......@`|
                    #......(qq.+
                    #|.........|
                     +.........|
                     -----------

LDaviesPeters the Field Worker  St:15 Dx:8 Co:12 In:17 Wi:16 Ch:8  Neutral
Dlvl:8  $:0  HP:0(31) Pw:19(19) AC:9  Xp:4 T:2184 

Latest messages:
 The door opens.
 You see here a large box.
 v - an ivory ring.
 You see here a scroll labeled ELBIB YLOH.
 You decipher the label on your scroll labeled ELBIB YLOH.
 w - a scroll of light.
 What do you want to use or apply? [abfgktB or ?*] b
 You put a scroll of light into the sack.
 What do you want to zap? [t or ?*] ?
 What do you want to zap? [t or ?*] <space>
 Never mind.
 The door opens.
 You descend the stairs.
 You see here a chest.
 x - 2 brilliant blue potions.
 y - a coral ring.
 What do you want to use or apply? [abfgktB or ?*] b
 You put 2 brilliant blue potions into the sack.
 With great effort you move the boulder.
 With great effort you move the boulder.
 You see here a large box.
 Hmmm, the large box turns out to be locked.
 Unlock it with your key? [ynq] (q) y
 You succeed in unlocking the box.
 What do you want to write with? [- agitvy or ?*] ?
 You engrave in the floor with a wand of digging.
 What do you want to engrave in the floor here? Elbereth
 Gravel flies up from the floor.
 The rothe turns to flee.
 The rothe turns to flee.
 You lash the rothe.
 You miss the rothe.
 The rothe hits!
 The rothe bites!
 The rothe bites again!
 You lash the rothe.
 The rothe hits!
 The rothe bites!
 The rothe bites again!
 You lash the rothe.
 The rothe hits!
 The rothe bites!
 The rothe bites again!
 The rothe hits!
 You die...
 Do you want your possessions identified? [ynq] (y) y
 Do you want to see your attributes? [ynq] (y) y
 Do you want an account of creatures vanquished? [ynaq] (y) n
 Do you want to see your conduct and achievements? [ynq] (y) y
 Do you want to see the dungeon overview? [ynq] (y) n

Inventory:
 Weapons  (')')
  a - a +2 bullwhip (weapon in right hand)
 Armor    ('[')
  c - an uncursed +0 fedora (being worn)
  l - an uncursed +0 orcish helm
  h - an uncursed +0 leather jacket (being worn)
 Comestibles  ('%')
  d - 3 uncursed food rations
  s - an uncursed lembas wafer
  e - 2 cursed pancakes
 Rings    ('=')
  y - a cursed ring of aggravate monster
  i - an uncursed ring of regeneration (on left hand)
  v - an uncursed ring of teleport control
 Wands    ('/')
  t - a wand of digging (0:4)
 Tools    ('(')
  b - an uncursed sack containing 8 items
  B - an uncursed blindfold
  k - an uncursed skeleton key
  f - a tinning kit (0:46)
 Gems/Stones  ('*')
  g - an uncursed touchstone

Contents of the sack:
  106 gold pieces
  an uncursed scroll of blank paper
  an uncursed scroll of light
  an uncursed potion of blindness
  a cursed potion of gain ability
  5 uncursed potions of healing
  a blessed potion of object detection
  a +0 pick-axe

LDaviesPeters the Archeologist's attributes:

Background:
 You were a Field Worker, a level 4 female human Archeologist.
 You were neutral, nominally on a mission for Camaxtli
 who was opposed by Quetzalcoatl (lawful) and Huhetotl (chaotic).
 You were right-handed.
 You were in the Dungeons of Doom, on level 8.
 You entered the dungeon 2184 turns ago.
 You had 88 experience points, 72 more were needed to attain level 5.

Basics:
 You had 0 out of 31 hit points.
 You had all 19 energy points (spell power).
 Your armor class was 9.
 Your wallet was empty, but
 you had 106 zorkmids stashed away in your pack.
 Autopickup was off.

Final Characteristics:
 Your strength was 15 (limit:18/100).
 Your dexterity was 8 (limit:18).
 Your constitution was 12 (limit:18).
 Your intelligence was 17 (limit:18).
 Your wisdom was 16 (limit:18).
 Your charisma was 8 (limit:18).

Final Status:
 You weren't hungry.
 You were unencumbered.
 You were wielding a whip.
 You had basic skill with whip.

Final Attributes:
 You were devoutly aligned.
 You were telepathic.
 You had automatic searching.
 You regenerated.
 You were lucky.
 You are dead.

Miscellaneous:
 You didn't encounter any bones levels.
 Total elapsed playing time was 20 minutes and 49 seconds.

Major events:
 Turn
    1: LDaviesPeters the neutral female human Archeologist entered the dungeon
 1174: entered the Gnomish Mines
 1498: attained the rank of Field Worker (level 3)
 2184: killed by a rothe

You didn't know any spells.

Skills:
 Fighting Skills
   bare handed combat [Unskilled]
   two weapon combat  [Unskilled]
   riding             [Unskilled]
 Weapon Skills
   dagger             [Unskilled]
   knife              [Unskilled]
   pick-axe           [Basic]
   short sword        [Unskilled]
   saber              [Unskilled]
   club               [Unskilled]
   quarterstaff       [Unskilled]
   sling              [Unskilled]
   dart               [Unskilled]
   boomerang          [Unskilled]
   whip               [Basic]
   unicorn horn       [Unskilled]
 Spellcasting Skills
   attack spells      [Unskilled]
   healing spells     [Unskilled]
   divination spells  [Unskilled]
   matter spells      [Unskilled]

Voluntary challenges:
 Character rerolling was not enabled.
 You were an atheist.
 You never genocided any monsters.
 You never polymorphed an object.
 You never changed form.
 You used no wishes.
Achievements:
 You entered a shop.
 You entered the Gnomish Mines.
 You attained the rank of Field Worker.

 The Dungeons of Doom: levels 1 to 8
    Level 1:
    Level 2:
       Many fountains, many trees.
    Level 3:
       A food shop, some fountains, a grave.
    Level 4:
       Stairs down to The Gnomish Mines.
    Level 5:
       A general store, a fountain.
    Level 6:
       A fountain, a sink.
    Level 7:
    Level 8: <- You were here.
       Final resting place for
          you, killed by a rothe.
 The Gnomish Mines:
    Level 5:


Vanquished creatures:
  a wood nymph
 an elf zombie
  2 floating eyes
 an orc zombie
  a dwarf zombie
  2 hobgoblins
  a yellow mold
  2 geckos
  2 kobolds
  a goblin
  a grid bug
  2 lichens
  6 newts
23 creatures vanquished.

No species were genocided or became extinct.

Game over:
                       ----------
                      /          \
                     /    REST    \
                    /      IN      \
                   /     PEACE      \
                  /                  \
                  |  LDaviesPeters   |
                  |      106 Au      |
                  |   killed by a    |
                  |      rothe       |
                  |                  |
                  |                  |
                  |       2026       |
                 *|     *  *  *      | *
        _________)/\\_//(\/(/\)/\//\/|_)_______

Goodbye LDaviesPeters the Archeologist...

You died in The Dungeons of Doom on dungeon level 8 with 808 points,
and 106 pieces of gold, after 2184 moves.
You were level 4 with a maximum of 31 hit points when you died.

